AoeStats
← Jappe42

Arena

509970642Analyzed
2v2 RM · 3d ago on Sep 28, 2026· 57m 12s· 4 players
Game mode
Random Map
Map size
Medium (4 player)
Population
200
Speed
Normal
Resources
Standard
Victory
Conquest
Starting age
Dark Age
Ending age
Imperial Age
RankedLock teamsTeams togetherTeam positionsShared explorationLock speedFull tech treeHidden civsTurbo modeCheats
Victory
Defeat
🇧🇪 Koreans · Belgium
887
+15
🇹🇷 Georgians · Türkiye
884
+15
862
-29
🇮🇹 Teutons · Italy
849
-14
抓住妹妹的小啾啾
10:11 Feudal Age
10:45 Double-Bit Axe
11:17 Horse Collar
12:18 Stone Mining
14:14 Wheelbarrow
15:42 Gold Mining
20:22 Castle Age
18:31 Stone Mining
21:20 Hand Cart
21:06 Heavy Plow
21:17 Bow Saw
24:41 Gold Shaft Mining
24:41 Stone Shaft Mining
27:07 Imperial Age
25:22 Fletching
25:33 Padded Archer Armor
27:24 Leather Archer Armor
28:18 Stone Shaft Mining
30:04 Bodkin Arrow
30:19 Forging
30:15 Scale Barding Armor
32:38 Bloodlines
32:29 Husbandry
31:50 Light Cavalry
32:58 Conscription
32:45 Capped Ram
33:38 Elite Mangudai
34:43 Drill
36:04 Nomads
35:28 Hussar
36:46 Iron Casting
36:32 Chain Barding Armor
37:08 Loom
37:08 Town Watch
38:12 Bracer
39:46 Blast Furnace
39:06 Chain Barding Armor
46:09 Ballistics
46:49 Chemistry
50:30 Onager
52:16 Chemistry
51:44 Onager
Porter
11:02 Feudal Age
13:03 Double-Bit Axe
13:32 Horse Collar
13:45 Gold Mining
14:06 Man-at-Arms
20:52 Castle Age
20:22 Arson
20:39 Scale Mail Armor
20:51 Forging
22:31 Wheelbarrow
22:16 Bow Saw
23:12 Long Swordsman
25:30 Squires
26:16 Scale Barding Armor
26:35 Hand Cart
26:25 Heavy Plow
27:04 Pikeman
27:30 Gambesons
27:50 Stone Mining
29:03 Stone Mining
31:10 Bloodlines
32:29 Stone Shaft Mining
34:20 Chain Mail Armor
34:19 Caravan
35:35 Chain Barding Armor
40:20 Imperial Age
52:08 Two-Handed Swordsman
Get Rekt
6:06 Loom
12:48 Feudal Age
14:03 Double-Bit Axe
15:42 Horse Collar
19:04 Castle Age
17:18 Stone Mining
20:30 Light Cavalry
22:10 Gold Mining
21:46 Crossbowman
22:52 Gold Mining
23:52 Heavy Plow
26:10 Bow Saw
26:39 Stone Shaft Mining
26:45 Wheelbarrow
25:55 Town Watch
32:14 Imperial Age
32:15 Elite Skirmisher
33:08 Padded Archer Armor
32:58 Fletching
33:39 Heavy Cavalry Archer
34:42 Conscription
34:56 Hussar
37:12 Murder Holes
37:42 Ballistics
36:55 Pikeman
37:42 Halberdier
39:03 Bodkin Arrow
39:23 Leather Archer Armor
39:20 Forging
39:10 Scale Mail Armor
39:15 Scale Barding Armor
40:53 Scale Mail Armor
41:02 Scale Barding Armor
54:06 Aznauri Cavalry
Jappe42
11:47 Feudal Age
16:33 Castle Age
14:40 Double-Bit Axe
14:52 Horse Collar
15:50 Stone Mining
16:00 Gold Mining
17:37 Bow Saw
17:31 Heavy Plow
18:46 Wheelbarrow
18:27 Loom
20:39 Fletching
25:07 Hand Cart
27:18 Town Watch
28:35 Ballistics
32:18 Imperial Age
30:46 Bodkin Arrow
30:23 Pikeman
31:04 Squires
30:49 Arson
31:28 Husbandry
32:40 Scale Mail Armor
32:51 Forging
34:35 Chemistry
34:04 Elite War Wagon
34:51 Bracer
35:41 Conscription
36:07 Halberdier
37:56 Iron Casting
41:12 Chain Mail Armor
Connection lost

Rejoining the realm…

Still unreachable

The connection could not be restored.

Session expired

The server has moved on; the page needs a fresh start.